Arizona Coyotes vs Boston Bruins
Created - Saturday, September 16, 2023 at 06:46
Goals
|
| Arizona Coyotes |
0 |
0 |
1 |
1 |
| Boston Bruins |
0 |
1 |
2 |
3 |
|
Shots
|
| Arizona Coyotes |
10 |
8 |
7 |
25 |
| Boston Bruins |
13 |
3 |
12 |
28 |
|
1st period
No Goal
Penalties :
Jani Hakanpaa (AZC) for Hooking (Minor) at 5:12, Jared Spurgeon (AZC) for Tripping (Minor) at 11:09, Jani Hakanpaa (AZC) for Hooking (Minor) at 11:32, Ryan Donato (BOS) for Roughing (Minor) at 16:14
2nd period
1. Boston Bruins , Phil Kessel 8 (Brandon Hagel 8, Victor Mete 10) at 3:48 (SH)
Penalties :
Charlie McAvoy (BOS) for Hooking (Minor) at 2:58, Dmitry Orlov (AZC) for High sticking (Double Minor) at 9:11
3rd period
2. Arizona Coyotes , Erik Haula 8 (T.J. Oshie 10) at 0:29 (PP)
3. Boston Bruins , Charlie McAvoy 3 (Anthony Beauvillier 8) at 3:29 (PP)
4. Boston Bruins , Nicholas Merkley 7 (Victor Mete 11, John-Jason Peterka 7) at 13:01
Penalties :
Brandon Hagel (BOS) for Interference (Minor) at 0:22, T.J. Oshie (AZC) for High sticking (Minor) at 3:18, Jani Hakanpaa (AZC) for Interference (Minor) at 4:28, Matt Grzelcyk (BOS) for Interference (Minor) at 10:33, Ryan Donato (BOS) for Fighting (Major) at 13:28, William Carrier (AZC) for Fighting (Major) at 13:28, Anthony Beauvillier (BOS) for Hooking (Minor) at 17:10
Goalie Stats
Kaapo Kahkonen (AZC), 25 saves from 28 shots - (0.893), L, 2-2-1, 60:00 minutes
Pyotr Kochetkov (BOS), 24 saves from 25 shots - (0.960), W, 7-9-1, 60:00 minutes
Players Stats for Arizona Coyotes
Player Name G A P +/- PIM S H SB GA TA FO MP PP MP PK MP
------------------------------------------------------------------------------------
Brandon Tanev 0 0 0 0 0 1 2 0 0 1 0/0 7:57 0:00 0:23
Brayden McNabb 0 0 0 -1 0 0 1 0 0 1 0/0 22:13 3:59 5:19
Brock McGinn 0 0 0 0 0 1 0 0 0 1 0/0 8:36 0:00 1:02
Charlie Coyle 0 0 0 -1 0 1 3 0 0 1 5/8 13:40 0:08 4:03
Claude Giroux 0 0 0 -1 0 3 1 0 0 0 16/22 21:12 4:05 4:43
Dmitry Orlov 0 0 0 0 4 2 1 1 0 0 0/0 24:39 4:04 3:05
Erik Haula 1 0 1 0 0 3 2 0 2 0 17/24 15:50 3:50 0:07
James van Riemsdyk 0 0 0 -1 0 1 0 0 0 0 0/0 10:56 0:37 0:00
Jani Hakanpaa 0 0 0 -1 6 0 0 2 0 2 0/0 19:53 3:59 2:15
Jared Spurgeon 0 0 0 0 2 1 2 1 0 2 0/0 25:37 4:04 4:19
Mason McTavish 0 0 0 0 0 4 0 0 2 0 1/2 9:37 0:12 0:54
Mats Zuccarello 0 0 0 -1 0 1 3 1 1 0 0/0 19:56 4:05 3:59
Matt Dumba 0 0 0 -1 0 1 1 1 0 1 0/0 16:47 0:00 5:24
Ondrej Palat 0 0 0 -1 0 0 0 1 0 1 0/0 9:09 0:00 0:00
Radko Gudas 0 0 0 -1 0 1 0 2 0 0 0/0 11:51 0:00 0:52
T.J. Oshie 0 1 1 0 2 3 0 0 0 0 0/1 15:42 3:50 0:00
Tyler Seguin 0 0 0 -1 0 2 0 1 0 0 5/5 20:05 4:05 3:58
William Carrier 0 0 0 0 5 0 1 0 0 0 2/2 14:07 3:17 0:00
Players Stats for Boston Bruins
Player Name G A P +/- PIM S H SB GA TA FO MP PP MP PK MP
------------------------------------------------------------------------------------
Anthony Beauvillier 0 1 1 1 2 0 0 0 2 0 0/1 19:45 5:16 2:49
Austin Wagner 0 0 0 0 0 0 2 0 0 0 0/0 8:10 0:00 0:00
Brandon Hagel 0 1 1 0 2 2 0 1 0 0 1/6 20:23 4:50 3:43
Charlie McAvoy 1 0 1 0 2 3 0 0 0 1 0/0 25:23 5:26 2:44
Dylan Gambrell 0 0 0 0 0 3 0 0 1 0 3/3 8:10 0:00 0:00
Joe Veleno 0 0 0 1 0 2 1 0 0 0 7/9 10:47 0:00 0:59
Joel Farabee 0 0 0 0 0 0 2 0 2 0 0/0 16:23 5:16 0:00
John-Jason Peterka 0 1 1 1 0 3 0 0 1 1 0/3 11:50 0:26 0:00
Mathieu Olivier 0 0 0 0 0 2 2 0 0 0 0/0 8:34 0:24 0:00
Matt Grzelcyk 0 0 0 1 2 1 1 2 0 0 0/0 11:19 0:00 0:00
Nicholas Merkley 1 0 1 1 0 5 0 0 0 0 0/0 10:30 0:24 0:00
Pavel Zacha 0 0 0 0 0 1 3 0 2 0 3/14 20:49 4:50 4:04
Phil Kessel 1 0 1 1 0 3 1 3 0 1 1/7 19:54 4:50 3:48
Ryan Donato 0 0 0 0 7 0 2 0 0 0 3/21 16:00 5:14 0:44
Samuel Girard 0 0 0 0 0 1 1 0 0 1 0/0 22:49 5:04 4:24
Sean Durzi 0 0 0 0 0 0 1 1 1 0 0/0 22:44 5:04 4:24
Tyson Barrie 0 0 0 1 0 0 2 1 1 1 0/0 26:12 5:26 3:39
Victor Mete 0 2 2 2 0 2 0 0 0 0 0/0 12:10 0:00 0:55
3 Stars
1 - Phil Kessel (BOS)
2 - Victor Mete (BOS)
3 - Pyotr Kochetkov (BOS)
Power Play
Arizona Coyotes - 1 on 5 Attempt(s) - 20.00%
Boston Bruins - 1 on 7 Attempt(s) - 14.29%
Penalty Kill
Arizona Coyotes - 6 on 7 Attempt(s) - 85.71%
- Score 0 goal in Penalty Kill
Boston Bruins - 4 on 5 Attempt(s) - 80.00%
- Score 1 goal in Penalty Kill
Team Stat
Arizona Coyotes - Hits : 17 - Faceoff Wins : 46 - Blocked Shots : 10 - Penalty Minutes : 19
Boston Bruins - Hits : 18 - Faceoff Wins : 18 - Blocked Shots : 8 - Penalty Minutes : 15
Official
Referees : Ian Walsh and Graham Skiliter
Linesman : Mark Shewchyk and Tim Nowak
Game Notes
Ryan Donato and William Carrier fight to a draw at 13:28 of 3rd period
Finance
Level 1 -- Attendance: 4767 (79.45%) -- Ticket Income $476,700
Level 2 -- Attendance: 3976 (79.52%) -- Ticket Income $238,560
Level 3 -- Attendance: 2507 (83.57%) -- Ticket Income $87,745
Level 4 -- Attendance: 3367 (67.34%) -- Ticket Income $84,175
Luxury Box -- Attendance: 841 (84.10%) -- Ticket Income $168,200
Game was played at the TD Garden.
Total Attendance: 15458 (77.29%)
Total Ticket Income: $1,055,380
Other Income: $369,383
Total Income: $1,424,763
Arizona Coyotes
5 vs 5 Forward
Center Left Wing Right Wing Time % Phy DF OF
1 Claude Giroux Mats Zuccarello Tyler Seguin 30 1 2 2
2 Erik Haula William Carrier T.J. Oshie 30 1 2 2
3 Charlie Coyle James van Riemsdyk Ondrej Palat 25 1 2 2
4 Mason McTavish Brandon Tanev Brock McGinn 15 1 2 2
5 vs 5 Defense
Defense Defense Time % Phy DF OF
1 Dmitry Orlov Jared Spurgeon 30 1 2 2
2 Jani Hakanpaa Brayden McNabb 30 1 2 2
3 Radko Gudas Matt Dumba 25 1 2 2
4 Dmitry Orlov Jared Spurgeon 15 1 2 2
PowerPlay Forward
Center Left Wing Right Wing Time % Phy DF OF
1 Claude Giroux Mats Zuccarello Tyler Seguin 50 1 2 2
2 Erik Haula William Carrier T.J. Oshie 50 1 2 2
PowerPlay Defense
Defense Defense Time % Phy DF OF
1 Dmitry Orlov Jared Spurgeon 50 1 2 2
2 Jani Hakanpaa Brayden McNabb 50 1 2 2
Penalty Kill 4 Players Forward
Center Wing Time % Phy DF OF
1 Claude Giroux Mats Zuccarello 50 1 2 2
2 Tyler Seguin Charlie Coyle 50 1 2 2
Penalty Kill 4 Players Defense
Defense Defense Time % Phy DF OF
1 Dmitry Orlov Jared Spurgeon 50 1 2 2
2 Jani Hakanpaa Brayden McNabb 50 1 2 2
Penalty Kill - 3 Players Forward
Forward Time % Phy DF OF
1 Claude Giroux 50 1 2 2
2 Brock McGinn 50 1 2 2
Penalty Kill - 3 Players Defense
Defense Defense Time % Phy DF OF
1 Dmitry Orlov Jared Spurgeon 50 1 2 2
2 Jani Hakanpaa Brayden McNabb 50 1 2 2
4 vs 4 Forward
Center Wing Time % Phy DF OF
1 Claude Giroux Mats Zuccarello 50 1 2 2
2 Tyler Seguin Charlie Coyle 50 1 2 2
4 vs 4 Defense
Defense Defense Time % Phy DF OF
1 Dmitry Orlov Jared Spurgeon 50 1 2 2
2 Jani Hakanpaa Brayden McNabb 50 1 2 2
Last Minutes Offensive
Center Left Wing Right Wing Defense Defense
Claude Giroux Mats Zuccarello Tyler Seguin Dmitry Orlov Jared Spurgeon
Last Minutes Defensive
Center Left Wing Right Wing Defense Defense
Claude Giroux Mats Zuccarello Tyler Seguin Dmitry Orlov Jared Spurgeon
Goaltenders
Starting : Kaapo Kahkonen
Backup : Carter Hart
Extra Forwards
Normal : William Carrier, James van Riemsdyk, Mason McTavish - PP : William Carrier, James van Riemsdyk - PK : Mason McTavish
Extra Defensemen
Normal : Radko Gudas, Matt Dumba, Jani Hakanpaa - PP : Radko Gudas - PK : Matt Dumba, Jani Hakanpaa
Penalty Shots
Claude Giroux, Mats Zuccarello, Tyler Seguin, Charlie Coyle, Erik Haula
Boston Bruins
5 vs 5 Forward
Center Left Wing Right Wing Time % Phy DF OF
1 Pavel Zacha Brandon Hagel Phil Kessel 30 1 2 2
2 Ryan Donato Anthony Beauvillier Joel Farabee 30 1 2 2
3 Joe Veleno John-Jason Peterka Nicholas Merkley 25 1 2 2
4 Dylan Gambrell Austin Wagner Mathieu Olivier 15 1 2 2
5 vs 5 Defense
Defense Defense Time % Phy DF OF
1 Charlie McAvoy Tyson Barrie 30 1 2 2
2 Sean Durzi Samuel Girard 30 1 2 2
3 Matt Grzelcyk Victor Mete 25 1 2 2
4 Charlie McAvoy Tyson Barrie 15 1 2 2
PowerPlay Forward
Center Left Wing Right Wing Time % Phy DF OF
1 Pavel Zacha Brandon Hagel Phil Kessel 50 1 2 2
2 Ryan Donato Anthony Beauvillier Joel Farabee 50 1 2 2
PowerPlay Defense
Defense Defense Time % Phy DF OF
1 Charlie McAvoy Tyson Barrie 50 1 2 2
2 Sean Durzi Samuel Girard 50 1 2 2
Penalty Kill 4 Players Forward
Center Wing Time % Phy DF OF
1 Brandon Hagel Pavel Zacha 50 1 2 2
2 Phil Kessel Anthony Beauvillier 50 1 2 2
Penalty Kill 4 Players Defense
Defense Defense Time % Phy DF OF
1 Charlie McAvoy Tyson Barrie 50 1 2 2
2 Sean Durzi Samuel Girard 50 1 2 2
Penalty Kill - 3 Players Forward
Forward Time % Phy DF OF
1 Brandon Hagel 50 1 2 2
2 Pavel Zacha 50 1 2 2
Penalty Kill - 3 Players Defense
Defense Defense Time % Phy DF OF
1 Charlie McAvoy Tyson Barrie 50 1 2 2
2 Sean Durzi Samuel Girard 50 1 2 2
4 vs 4 Forward
Center Wing Time % Phy DF OF
1 Brandon Hagel Pavel Zacha 50 1 2 2
2 Phil Kessel Anthony Beauvillier 50 1 2 2
4 vs 4 Defense
Defense Defense Time % Phy DF OF
1 Charlie McAvoy Tyson Barrie 50 1 2 2
2 Sean Durzi Samuel Girard 50 1 2 2
Last Minutes Offensive
Center Left Wing Right Wing Defense Defense
Pavel Zacha Brandon Hagel Phil Kessel Charlie McAvoy Tyson Barrie
Last Minutes Defensive
Center Left Wing Right Wing Defense Defense
Pavel Zacha Brandon Hagel Phil Kessel Charlie McAvoy Tyson Barrie
Goaltenders
Starting : Pyotr Kochetkov
Backup : Kyle Keyser
Extra Forwards
Normal : John-Jason Peterka, Nicholas Merkley, Joe Veleno - PP : John-Jason Peterka, Nicholas Merkley - PK : Joe Veleno
Extra Defensemen
Normal : Matt Grzelcyk, Victor Mete, Sean Durzi - PP : Matt Grzelcyk - PK : Victor Mete, Sean Durzi
Penalty Shots
Brandon Hagel, Pavel Zacha, Phil Kessel, Anthony Beauvillier, Joel Farabee
% Time on Ice - Arizona Coyotes
Lines # - Real PCT - Wanted PCT - Time Play
Normal Forward
1 - 30% - 30% - 12:31
2 - 29% - 30% - 12:13
3 - 22% - 25% - 9:09
4 - 18% - 15% - 7:34
Normal Defense
1 - 31% - 30% - 12:39
2 - 33% - 30% - 13:41
3 - 26% - 25% - 10:47
4 - 10% - 15% - 4:20
PP Forward
1 - 51% - 50% - 4:05
2 - 49% - 50% - 3:58
PP Defense
1 - 51% - 50% - 4:04
2 - 49% - 50% - 3:59
PK Forward
1 - 49% - 50% - 4:23
2 - 51% - 50% - 4:31
PK Defense
1 - 48% - 50% - 4:14
2 - 52% - 50% - 4:40
PK3 Forward
1 - 51% - 50% - 0:49
2 - 49% - 50% - 0:47
PK3 Defense
1 - 54% - 50% - 0:52
2 - 46% - 50% - 0:44
44 Forward
1 - 0% - 50%
2 - 0% - 50%
44 Defense
1 - 0% - 50%
2 - 0% - 50%
Last Minute Offensive - 0:00
Last Minute Defensive - 0:00
Total
Forward - 60:00
Defense - 60:00
|
% Time on Ice - Boston Bruins
Lines # - Real PCT - Wanted PCT - Time Play
Normal Forward
1 - 29% - 30% - 11:57
2 - 29% - 30% - 12:04
3 - 22% - 25% - 9:16
4 - 20% - 15% - 8:10
Normal Defense
1 - 32% - 30% - 13:13
2 - 32% - 30% - 13:16
3 - 27% - 25% - 11:04
4 - 9% - 15% - 3:54
PP Forward
1 - 50% - 50% - 5:14
2 - 50% - 50% - 5:16
PP Defense
1 - 52% - 50% - 5:26
2 - 48% - 50% - 5:04
PK Forward
1 - 46% - 50% - 3:43
2 - 54% - 50% - 4:20
PK Defense
1 - 45% - 50% - 3:39
2 - 55% - 50% - 4:24
PK3 Forward
1 - 0% - 50%
2 - 0% - 50%
PK3 Defense
1 - 0% - 50%
2 - 0% - 50%
44 Forward
1 - 0% - 50%
2 - 0% - 50%
44 Defense
1 - 0% - 50%
2 - 0% - 50%
Last Minute Offensive - 0:00
Last Minute Defensive - 0:00
Total
Forward - 60:00
Defense - 60:00
|
Play-by-Play
1st period
0:01 of 1st period - Tyler Seguin wins face-off versus Pavel Zacha in neutral zone.
0:57 of 1st period - Icing by Sean Durzi.
0:58 of 1st period - Charlie Coyle wins face-off versus Joe Veleno in Boston Bruins zone.
1:50 of 1st period - Wrist shot by Claude Giroux.
1:50 of 1st period - Shot Misses the Net.
1:52 of 1st period - Snap shot by Tyler Seguin.
1:52 of 1st period - Shot Misses the Net.
2:24 of 1st period - Nicholas Merkley is hit by William Carrier and loses puck.
2:45 of 1st period - Snap shot by John-Jason Peterka.
2:45 of 1st period - Shot Misses the Net.
2:47 of 1st period - Wrist shot by Dylan Gambrell.
2:47 of 1st period - Stopped by Kaapo Kahkonen with a rebound.
2:49 of 1st period - Slapshot by Samuel Girard.
2:49 of 1st period - Shot Misses the Net.
2:51 of 1st period - Slapshot by Sean Durzi.
2:51 of 1st period - Shot Misses the Net.
2:53 of 1st period - Slapshot by Samuel Girard.
2:53 of 1st period - Deflect By Dylan Gambrell.
2:53 of 1st period - Shot Blocked by Ondrej Palat.
2:53 of 1st period - Puck is out of play.
2:54 of 1st period - Claude Giroux wins face-off versus Ryan Donato in Arizona Coyotes zone.
3:09 of 1st period - Backhand shot by Mats Zuccarello.
3:09 of 1st period - Shot Blocked by Matt Grzelcyk.
5:12 of 1st period - Minor Penalty to Jani Hakanpaa for Hooking.
5:13 of 1st period - Claude Giroux wins face-off versus Phil Kessel in Arizona Coyotes zone.
5:23 of 1st period - Wrist shot by Pavel Zacha.
5:23 of 1st period - Shot Misses the Net.
5:25 of 1st period - Snap shot by Brandon Hagel.
5:25 of 1st period - Shot Misses the Net.
5:27 of 1st period - Slapshot by Samuel Girard.
5:27 of 1st period - Stopped by Kaapo Kahkonen without a rebound.
5:28 of 1st period - Tyler Seguin wins face-off versus Ryan Donato in Arizona Coyotes zone.
7:12 of 1st period - Penalty to Jani Hakanpaa is over, Jani Hakanpaa is back on ice.
7:14 of 1st period - Icing by Samuel Girard.
7:15 of 1st period - Joe Veleno wins face-off versus Erik Haula in Boston Bruins zone.
7:20 of 1st period - Slapshot by Erik Haula.
7:20 of 1st period - Stopped by Pyotr Kochetkov with a rebound.
7:41 of 1st period - Off-side.
7:42 of 1st period - Dylan Gambrell wins face-off versus Mason McTavish in neutral zone.
8:01 of 1st period - Dylan Gambrell is hit by Brandon Tanev and loses puck.
8:30 of 1st period - Mathieu Olivier is hit by Brayden McNabb and loses puck.
8:42 of 1st period - Off-side.
8:43 of 1st period - Claude Giroux wins face-off versus Brandon Hagel in neutral zone.
9:07 of 1st period - Icing by Victor Mete.
9:08 of 1st period - Erik Haula wins face-off versus Ryan Donato in Boston Bruins zone.
9:09 of 1st period - Wrist shot by T.J. Oshie.
9:09 of 1st period - Stopped by Pyotr Kochetkov with a rebound.
9:33 of 1st period - Snap shot by Pavel Zacha.
9:33 of 1st period - Shot Misses the Net.
9:35 of 1st period - Backhand shot by Pavel Zacha.
9:35 of 1st period - Stopped by Kaapo Kahkonen with a rebound.
9:57 of 1st period - Snap shot by John-Jason Peterka.
9:57 of 1st period - Stopped by Kaapo Kahkonen without a rebound.
9:58 of 1st period - Joe Veleno wins face-off versus Charlie Coyle in Arizona Coyotes zone.
10:01 of 1st period - Wrist shot by Joe Veleno.
10:01 of 1st period - Deflect By Nicholas Merkley.
10:01 of 1st period - Stopped by Kaapo Kahkonen with a rebound.
10:03 of 1st period - Snap shot by Joe Veleno.
10:03 of 1st period - Stopped by Kaapo Kahkonen with a rebound.
10:05 of 1st period - Snap shot by Nicholas Merkley.
10:05 of 1st period - Deflect By Jared Spurgeon.
10:05 of 1st period - Shot Misses the Net.
10:05 of 1st period - Puck is out of play.
10:06 of 1st period - Ryan Donato wins face-off versus Erik Haula in Arizona Coyotes zone.
10:34 of 1st period - Icing by Tyson Barrie.
10:35 of 1st period - Charlie Coyle wins face-off versus Ryan Donato in Boston Bruins zone.
10:53 of 1st period - Snap shot by Ryan Donato.
10:53 of 1st period - Shot Misses the Net.
11:02 of 1st period - Icing by Ryan Donato.
11:03 of 1st period - Claude Giroux wins face-off versus Pavel Zacha in Boston Bruins zone.
11:09 of 1st period - Minor Penalty to Jared Spurgeon for Tripping.
11:10 of 1st period - Ryan Donato wins face-off versus Claude Giroux in Arizona Coyotes zone.
11:32 of 1st period - Minor Penalty to Jani Hakanpaa for Hooking.
11:33 of 1st period - Claude Giroux wins face-off versus Phil Kessel in Arizona Coyotes zone.
12:20 of 1st period - Phil Kessel is hit by Claude Giroux and loses puck.
13:09 of 1st period - Penalty to Jared Spurgeon is over, Jared Spurgeon is back on ice.
13:32 of 1st period - Penalty to Jani Hakanpaa is over, Jani Hakanpaa is back on ice.
13:41 of 1st period - Snap shot by Mathieu Olivier.
13:41 of 1st period - Stopped by Kaapo Kahkonen with a rebound.
13:43 of 1st period - Wrist shot by Mathieu Olivier.
13:43 of 1st period - Shot Misses the Net.
13:45 of 1st period - Snap shot by Dylan Gambrell.
13:45 of 1st period - Stopped by Kaapo Kahkonen without a rebound.
13:46 of 1st period - Dylan Gambrell wins face-off versus Erik Haula in Arizona Coyotes zone.
13:47 of 1st period - Slapshot by Mathieu Olivier.
13:47 of 1st period - Stopped by Kaapo Kahkonen without a rebound.
13:48 of 1st period - Joe Veleno wins face-off versus Erik Haula in Arizona Coyotes zone.
13:49 of 1st period - Wrist shot by John-Jason Peterka.
13:49 of 1st period - Stopped by Kaapo Kahkonen without a rebound.
13:50 of 1st period - Joe Veleno wins face-off versus Erik Haula in Arizona Coyotes zone.
13:51 of 1st period - Snap shot by Nicholas Merkley.
13:51 of 1st period - Stopped by Kaapo Kahkonen without a rebound.
13:52 of 1st period - Erik Haula wins face-off versus Joe Veleno in Arizona Coyotes zone.
13:52 of 1st period - Erik Haula is hit by Joe Veleno.
14:06 of 1st period - Snap shot by T.J. Oshie.
14:06 of 1st period - Stopped by Pyotr Kochetkov without a rebound.
14:07 of 1st period - Claude Giroux wins face-off versus Pavel Zacha in Boston Bruins zone.
14:12 of 1st period - Snap shot by Claude Giroux.
14:12 of 1st period - Shot Misses the Net.
14:14 of 1st period - Snap shot by Mats Zuccarello.
14:14 of 1st period - Shot Misses the Net.
14:16 of 1st period - Wrist shot by Jared Spurgeon.
14:16 of 1st period - Shot Misses the Net.
14:18 of 1st period - Slapshot by Dmitry Orlov.
14:18 of 1st period - Deflect By Pavel Zacha.
14:18 of 1st period - Stopped by Pyotr Kochetkov with a rebound.
14:20 of 1st period - Slapshot by Claude Giroux.
14:20 of 1st period - Stopped by Pyotr Kochetkov with a rebound.
14:22 of 1st period - Slapshot by Dmitry Orlov.
14:22 of 1st period - Shot Blocked by Brandon Hagel.
15:23 of 1st period - Slapshot by Tyson Barrie.
15:23 of 1st period - Shot Misses the Net.
15:25 of 1st period - Slapshot by Tyson Barrie.
15:25 of 1st period - Shot Blocked by Radko Gudas.
15:27 of 1st period - Slapshot by Charlie McAvoy.
15:27 of 1st period - Stopped by Kaapo Kahkonen with a rebound.
15:41 of 1st period - Slapshot by Mason McTavish.
15:41 of 1st period - Stopped by Pyotr Kochetkov with a rebound.
15:43 of 1st period - Slapshot by Mats Zuccarello.
15:43 of 1st period - Shot Misses the Net.
15:45 of 1st period - Backhand shot by Matt Dumba.
15:45 of 1st period - Shot Misses the Net.
15:47 of 1st period - Slapshot by Matt Dumba.
15:47 of 1st period - Stopped by Pyotr Kochetkov with a rebound.
15:49 of 1st period - Wrist shot by Radko Gudas.
15:49 of 1st period - Shot Blocked by Phil Kessel.
15:51 of 1st period - Wrist shot by Mats Zuccarello.
15:51 of 1st period - Deflect By Tyler Seguin.
15:51 of 1st period - Shot Misses the Net.
15:51 of 1st period - Puck is out of play.
15:52 of 1st period - Ryan Donato wins face-off versus Claude Giroux in Boston Bruins zone.
15:52 of 1st period - Ryan Donato is hit by Mats Zuccarello.
16:14 of 1st period - Minor Penalty to Ryan Donato for Roughing.
16:15 of 1st period - Claude Giroux wins face-off versus Brandon Hagel in Boston Bruins zone.
16:22 of 1st period - Wrist shot by Tyler Seguin.
16:22 of 1st period - Deflect By Claude Giroux.
16:22 of 1st period - Shot Misses the Net.
16:22 of 1st period - Puck is out of play.
16:23 of 1st period - Brandon Hagel wins face-off versus Claude Giroux in Boston Bruins zone.
16:32 of 1st period - Slapshot by Mats Zuccarello.
16:32 of 1st period - Stopped by Pyotr Kochetkov with a rebound.
16:34 of 1st period - Wrist shot by Tyler Seguin.
16:34 of 1st period - Stopped by Pyotr Kochetkov without a rebound.
16:35 of 1st period - William Carrier wins face-off versus Phil Kessel in Boston Bruins zone.
16:56 of 1st period - Sean Durzi is hit by Erik Haula and loses puck.
17:11 of 1st period - Wrist shot by Phil Kessel.
17:11 of 1st period - Stopped by Kaapo Kahkonen with a rebound.
18:14 of 1st period - Penalty to Ryan Donato is over, Ryan Donato is back on ice.
18:29 of 1st period - Wrist shot by Brock McGinn.
18:29 of 1st period - Stopped by Pyotr Kochetkov with a rebound.
19:10 of 1st period - Slapshot by Samuel Girard.
19:10 of 1st period - Shot Misses the Net.
Goals for this period are 0 for Arizona Coyotes vs 0 for Boston Bruins.
Shots for this period are 10 for Arizona Coyotes vs 13 for Boston Bruins.
2nd period
0:01 of 2nd period - Tyler Seguin wins face-off versus Pavel Zacha in neutral zone.
0:04 of 2nd period - Wrist shot by Mats Zuccarello.
0:04 of 2nd period - Shot Blocked by Phil Kessel.
0:10 of 2nd period - Jared Spurgeon is hit by Pavel Zacha and loses puck.
1:09 of 2nd period - Icing by Austin Wagner.
1:10 of 2nd period - Pavel Zacha wins face-off versus Charlie Coyle in Boston Bruins zone.
2:05 of 2nd period - Wrist shot by Brandon Tanev.
2:05 of 2nd period - Deflect By Mason McTavish.
2:05 of 2nd period - Stopped by Pyotr Kochetkov with a rebound.
2:07 of 2nd period - Slapshot by Radko Gudas.
2:07 of 2nd period - Stopped by Pyotr Kochetkov with a rebound.
2:17 of 2nd period - Tyler Seguin is hit by Matt Grzelcyk and loses puck.
2:32 of 2nd period - Brayden McNabb is hit by Austin Wagner and loses puck.
2:39 of 2nd period - Slapshot by Tyler Seguin.
2:39 of 2nd period - Shot Blocked by Matt Grzelcyk.
2:41 of 2nd period - Snap shot by Claude Giroux.
2:41 of 2nd period - Stopped by Pyotr Kochetkov with a rebound.
2:43 of 2nd period - Snap shot by Mats Zuccarello.
2:43 of 2nd period - Shot Blocked by Phil Kessel.
2:53 of 2nd period - Wrist shot by Tyler Seguin.
2:53 of 2nd period - Stopped by Pyotr Kochetkov without a rebound.
2:54 of 2nd period - Erik Haula wins face-off versus Ryan Donato in Boston Bruins zone.
2:58 of 2nd period - Minor Penalty to Charlie McAvoy for Hooking.
2:59 of 2nd period - Erik Haula wins face-off versus Phil Kessel in Boston Bruins zone.
2:59 of 2nd period - Snap shot by T.J. Oshie.
2:59 of 2nd period - Stopped by Pyotr Kochetkov without a rebound.
3:00 of 2nd period - Erik Haula wins face-off versus Phil Kessel in Boston Bruins zone.
3:17 of 2nd period - Victor Mete is hit by Erik Haula and loses puck.
3:48 of 2nd period - Wrist shot by Phil Kessel.
3:48 of 2nd period - Goal by Phil Kessel - Arizona Coyotes : 0 - Boston Bruins : 1.
3:49 of 2nd period - Erik Haula wins face-off versus Anthony Beauvillier in neutral zone.
4:04 of 2nd period - Snap shot by T.J. Oshie.
4:04 of 2nd period - Shot Misses the Net.
4:58 of 2nd period - Penalty to Charlie McAvoy is over, Charlie McAvoy is back on ice.
5:22 of 2nd period - Slapshot by Mason McTavish.
5:22 of 2nd period - Stopped by Pyotr Kochetkov with a rebound.
6:04 of 2nd period - Erik Haula is hit by Austin Wagner and loses puck.
6:19 of 2nd period - Brayden McNabb is hit by Tyson Barrie and loses puck.
6:51 of 2nd period - Matt Dumba is hit by Mathieu Olivier and loses puck.
7:15 of 2nd period - Phil Kessel is hit by Dmitry Orlov and loses puck.
7:41 of 2nd period - Jani Hakanpaa is hit by Ryan Donato and loses puck.
7:56 of 2nd period - Wrist shot by Dylan Gambrell.
7:56 of 2nd period - Shot Misses the Net.
8:20 of 2nd period - Anthony Beauvillier is hit by Charlie Coyle and loses puck.
8:43 of 2nd period - Snap shot by Erik Haula.
8:43 of 2nd period - Stopped by Pyotr Kochetkov with a rebound.
9:00 of 2nd period - Slapshot by Victor Mete.
9:00 of 2nd period - Deflect By Austin Wagner.
9:00 of 2nd period - Shot Blocked by Radko Gudas.
9:00 of 2nd period - Puck is out of play.
9:01 of 2nd period - Joe Veleno wins face-off versus Claude Giroux in Arizona Coyotes zone.
9:11 of 2nd period - Double Minor Penalty to Dmitry Orlov for High sticking.
9:12 of 2nd period - Claude Giroux wins face-off versus Ryan Donato in Arizona Coyotes zone.
9:46 of 2nd period - Snap shot by Phil Kessel.
9:46 of 2nd period - Stopped by Kaapo Kahkonen without a rebound.
9:47 of 2nd period - Tyler Seguin wins face-off versus Ryan Donato in Arizona Coyotes zone.
9:58 of 2nd period - Slapshot by Charlie Coyle.
9:58 of 2nd period - Shot Misses the Net.
10:22 of 2nd period - Slapshot by Charlie Coyle.
10:22 of 2nd period - Stopped by Pyotr Kochetkov without a rebound.
10:23 of 2nd period - Claude Giroux wins face-off versus Ryan Donato in Boston Bruins zone.
12:34 of 2nd period - Snap shot by Mason McTavish.
12:34 of 2nd period - Shot Blocked by Sean Durzi.
13:11 of 2nd period - Penalty to Dmitry Orlov is over, Dmitry Orlov is back on ice.
13:22 of 2nd period - William Carrier is hit by Tyson Barrie and loses puck.
14:30 of 2nd period - Jared Spurgeon is hit by Sean Durzi and loses puck.
14:41 of 2nd period - Anthony Beauvillier is hit by Brandon Tanev and loses puck.
15:28 of 2nd period - Victor Mete is hit by Jared Spurgeon and loses puck.
16:04 of 2nd period - Dmitry Orlov is hit by Joel Farabee and loses puck.
16:28 of 2nd period - Ondrej Palat is hit by Mathieu Olivier and loses puck.
17:04 of 2nd period - Icing by William Carrier.
17:05 of 2nd period - Erik Haula wins face-off versus Pavel Zacha in Arizona Coyotes zone.
17:09 of 2nd period - Off-side.
17:10 of 2nd period - Tyler Seguin wins face-off versus Pavel Zacha in neutral zone.
17:23 of 2nd period - Off-side.
17:24 of 2nd period - Erik Haula wins face-off versus Ryan Donato in neutral zone.
18:20 of 2nd period - Wrist shot by Nicholas Merkley.
18:20 of 2nd period - Shot Blocked by Jani Hakanpaa.
18:22 of 2nd period - Wrist shot by John-Jason Peterka.
18:22 of 2nd period - Stopped by Kaapo Kahkonen without a rebound.
18:23 of 2nd period - Erik Haula wins face-off versus Ryan Donato in Arizona Coyotes zone.
18:48 of 2nd period - Jared Spurgeon is hit by Pavel Zacha and loses puck.
19:44 of 2nd period - Off-side.
19:45 of 2nd period - Pavel Zacha wins face-off versus Claude Giroux in neutral zone.
Goals for this period are 0 for Arizona Coyotes vs 1 for Boston Bruins.
Shots for this period are 8 for Arizona Coyotes vs 3 for Boston Bruins.
3rd period
0:01 of 3rd period - William Carrier wins face-off versus Pavel Zacha in neutral zone.
0:22 of 3rd period - Minor Penalty to Brandon Hagel for Interference.
0:23 of 3rd period - Erik Haula wins face-off versus Phil Kessel in Boston Bruins zone.
0:29 of 3rd period - Wrist shot by Erik Haula.
0:29 of 3rd period - Goal by Erik Haula - Arizona Coyotes : 1 - Boston Bruins : 1.
0:30 of 3rd period - Charlie Coyle wins face-off versus Ryan Donato in neutral zone.
0:32 of 3rd period - Off-side.
0:33 of 3rd period - Charlie Coyle wins face-off versus Ryan Donato in neutral zone.
0:38 of 3rd period - Joel Farabee is hit by Charlie Coyle and loses puck.
0:45 of 3rd period - Wrist shot by James van Riemsdyk.
0:45 of 3rd period - Stopped by Pyotr Kochetkov with a rebound.
0:47 of 3rd period - Slapshot by Charlie Coyle.
0:47 of 3rd period - Shot Misses the Net.
0:49 of 3rd period - Wrist shot by Ondrej Palat.
0:49 of 3rd period - Shot Misses the Net.
1:12 of 3rd period - Slapshot by Phil Kessel.
1:12 of 3rd period - Shot Misses the Net.
1:53 of 3rd period - Snap shot by Mason McTavish.
1:53 of 3rd period - Shot Blocked by Tyson Barrie.
2:13 of 3rd period - Wrist shot by James van Riemsdyk.
2:13 of 3rd period - Deflect By Ondrej Palat.
2:13 of 3rd period - Shot Misses the Net.
2:13 of 3rd period - Puck is out of play.
2:14 of 3rd period - Erik Haula wins face-off versus Brandon Hagel in Boston Bruins zone.
3:01 of 3rd period - Wrist shot by Dylan Gambrell.
3:01 of 3rd period - Shot Misses the Net.
3:03 of 3rd period - Slapshot by Victor Mete.
3:03 of 3rd period - Shot Blocked by Matt Dumba.
3:07 of 3rd period - Slapshot by Matt Grzelcyk.
3:07 of 3rd period - Stopped by Kaapo Kahkonen without a rebound.
3:08 of 3rd period - Dylan Gambrell wins face-off versus T.J. Oshie in Arizona Coyotes zone.
3:18 of 3rd period - Minor Penalty to T.J. Oshie for High sticking.
3:19 of 3rd period - Claude Giroux wins face-off versus Ryan Donato in Arizona Coyotes zone.
3:29 of 3rd period - Slapshot by Charlie McAvoy.
3:29 of 3rd period - Goal by Charlie McAvoy - Arizona Coyotes : 1 - Boston Bruins : 2.
3:30 of 3rd period - Claude Giroux wins face-off versus Ryan Donato in neutral zone.
3:32 of 3rd period - Off-side.
3:33 of 3rd period - Claude Giroux wins face-off versus Ryan Donato in neutral zone.
3:48 of 3rd period - Jared Spurgeon is hit by Joel Farabee and loses puck.
4:09 of 3rd period - Wrist shot by Joe Veleno.
4:09 of 3rd period - Stopped by Kaapo Kahkonen with a rebound.
4:11 of 3rd period - Snap shot by John-Jason Peterka.
4:11 of 3rd period - Deflect By Nicholas Merkley.
4:11 of 3rd period - Shot Misses the Net.
4:11 of 3rd period - Puck is out of play.
4:12 of 3rd period - Erik Haula wins face-off versus Pavel Zacha in Arizona Coyotes zone.
4:28 of 3rd period - Minor Penalty to Jani Hakanpaa for Interference.
4:29 of 3rd period - Claude Giroux wins face-off versus Ryan Donato in Arizona Coyotes zone.
4:29 of 3rd period - Claude Giroux is hit by Ryan Donato.
4:58 of 3rd period - Brandon Hagel is hit by Mats Zuccarello and loses puck.
5:57 of 3rd period - Samuel Girard is hit by Matt Dumba and loses puck.
6:28 of 3rd period - Penalty to Jani Hakanpaa is over, Jani Hakanpaa is back on ice.
6:36 of 3rd period - Snap shot by Claude Giroux.
6:36 of 3rd period - Shot Misses the Net.
6:46 of 3rd period - Wrist shot by Claude Giroux.
6:46 of 3rd period - Shot Misses the Net.
6:59 of 3rd period - Icing by Charlie McAvoy.
7:00 of 3rd period - Erik Haula wins face-off versus John-Jason Peterka in Boston Bruins zone.
7:52 of 3rd period - Snap shot by Brandon Tanev.
7:52 of 3rd period - Stopped by Pyotr Kochetkov with a rebound.
7:54 of 3rd period - Wrist shot by Brandon Tanev.
7:54 of 3rd period - Shot Misses the Net.
7:56 of 3rd period - Slapshot by Matt Dumba.
7:56 of 3rd period - Shot Misses the Net.
8:12 of 3rd period - Snap shot by Brandon Hagel.
8:12 of 3rd period - Shot Misses the Net.
8:14 of 3rd period - Snap shot by Brandon Hagel.
8:14 of 3rd period - Stopped by Kaapo Kahkonen without a rebound.
8:15 of 3rd period - Charlie Coyle wins face-off versus Brandon Hagel in Arizona Coyotes zone.
8:51 of 3rd period - Wrist shot by Nicholas Merkley.
8:51 of 3rd period - Stopped by Kaapo Kahkonen with a rebound.
9:04 of 3rd period - Off-side.
9:05 of 3rd period - Claude Giroux wins face-off versus Ryan Donato in neutral zone.
9:10 of 3rd period - Snap shot by Claude Giroux.
9:10 of 3rd period - Stopped by Pyotr Kochetkov with a rebound.
9:30 of 3rd period - Wrist shot by Nicholas Merkley.
9:30 of 3rd period - Shot Misses the Net.
9:32 of 3rd period - Snap shot by John-Jason Peterka.
9:32 of 3rd period - Shot Misses the Net.
9:34 of 3rd period - Slapshot by Nicholas Merkley.
9:34 of 3rd period - Shot Blocked by Mats Zuccarello.
9:36 of 3rd period - Snap shot by Nicholas Merkley.
9:36 of 3rd period - Deflect By Joe Veleno.
9:36 of 3rd period - Shot Blocked by Jani Hakanpaa.
9:36 of 3rd period - Puck is out of play.
9:37 of 3rd period - Joe Veleno wins face-off versus Erik Haula in Arizona Coyotes zone.
9:38 of 3rd period - Snap shot by Nicholas Merkley.
9:38 of 3rd period - Shot Misses the Net.
9:40 of 3rd period - Slapshot by Matt Grzelcyk.
9:40 of 3rd period - Shot Blocked by Dmitry Orlov.
9:42 of 3rd period - Slapshot by John-Jason Peterka.
9:42 of 3rd period - Shot Blocked by Jared Spurgeon.
9:44 of 3rd period - Wrist shot by Victor Mete.
9:44 of 3rd period - Stopped by Kaapo Kahkonen without a rebound.
9:45 of 3rd period - Erik Haula wins face-off versus Pavel Zacha in Arizona Coyotes zone.
10:14 of 3rd period - Slapshot by Dmitry Orlov.
10:14 of 3rd period - Stopped by Pyotr Kochetkov with a rebound.
10:33 of 3rd period - Minor Penalty to Matt Grzelcyk for Interference.
10:34 of 3rd period - Phil Kessel wins face-off versus Erik Haula in Boston Bruins zone.
11:04 of 3rd period - Tyler Seguin is hit by Samuel Girard and loses puck.
12:33 of 3rd period - Penalty to Matt Grzelcyk is over, Matt Grzelcyk is back on ice.
12:47 of 3rd period - Slapshot by Dylan Gambrell.
12:47 of 3rd period - Stopped by Kaapo Kahkonen without a rebound.
12:48 of 3rd period - Joe Veleno wins face-off versus Charlie Coyle in Arizona Coyotes zone.
12:55 of 3rd period - Snap shot by Nicholas Merkley.
12:55 of 3rd period - Stopped by Kaapo Kahkonen with a rebound.
12:57 of 3rd period - Slapshot by Victor Mete.
12:57 of 3rd period - Stopped by Kaapo Kahkonen with a rebound.
12:59 of 3rd period - Slapshot by Victor Mete.
12:59 of 3rd period - Shot Misses the Net.
13:01 of 3rd period - Wrist shot by Nicholas Merkley.
13:01 of 3rd period - Goal by Nicholas Merkley - Arizona Coyotes : 1 - Boston Bruins : 3.
13:02 of 3rd period - Erik Haula wins face-off versus Pavel Zacha in neutral zone.
13:04 of 3rd period - T.J. Oshie is hit by Pavel Zacha and loses puck.
13:09 of 3rd period - Slapshot by Pavel Zacha.
13:09 of 3rd period - Shot Misses the Net.
13:11 of 3rd period - Slapshot by Brandon Hagel.
13:11 of 3rd period - Stopped by Kaapo Kahkonen with a rebound.
13:13 of 3rd period - Slapshot by Charlie McAvoy.
13:13 of 3rd period - Stopped by Kaapo Kahkonen without a rebound.
13:14 of 3rd period - Pavel Zacha wins face-off versus Claude Giroux in Arizona Coyotes zone.
13:27 of 3rd period - Slapshot by Jared Spurgeon.
13:27 of 3rd period - Stopped by Pyotr Kochetkov without a rebound.
13:28 of 3rd period - Erik Haula wins face-off versus Ryan Donato in Boston Bruins zone.
13:28 of 3rd period - Ryan Donato and William Carrier fight to a draw.
13:28 of 3rd period - Penalty to Ryan Donato for Fighting.
13:28 of 3rd period - Penalty to William Carrier for Fighting.
13:29 of 3rd period - Erik Haula wins face-off versus John-Jason Peterka in Boston Bruins zone.
13:42 of 3rd period - Slapshot by James van Riemsdyk.
13:42 of 3rd period - Deflect By Anthony Beauvillier.
13:42 of 3rd period - Shot Misses the Net.
13:42 of 3rd period - Puck is out of play.
13:43 of 3rd period - Claude Giroux wins face-off versus Pavel Zacha in Boston Bruins zone.
13:50 of 3rd period - Mats Zuccarello is hit by Phil Kessel and loses puck.
14:17 of 3rd period - Snap shot by James van Riemsdyk.
14:17 of 3rd period - Shot Misses the Net.
14:19 of 3rd period - Snap shot by James van Riemsdyk.
14:19 of 3rd period - Shot Hit the Post.
14:49 of 3rd period - Slapshot by Matt Grzelcyk.
14:49 of 3rd period - Shot Misses the Net.
15:06 of 3rd period - Snap shot by Anthony Beauvillier.
15:06 of 3rd period - Shot Blocked by Tyler Seguin.
15:10 of 3rd period - Snap shot by Anthony Beauvillier.
15:10 of 3rd period - Deflect By Mats Zuccarello.
15:10 of 3rd period - Shot Misses the Net.
15:10 of 3rd period - Puck is out of play.
15:11 of 3rd period - Mason McTavish wins face-off versus John-Jason Peterka in Arizona Coyotes zone.
15:20 of 3rd period - Snap shot by Mason McTavish.
15:20 of 3rd period - Stopped by Pyotr Kochetkov with a rebound.
15:22 of 3rd period - Slapshot by Brock McGinn.
15:22 of 3rd period - Shot Misses the Net.
15:38 of 3rd period - Charlie McAvoy is hit by Jared Spurgeon and loses puck.
17:10 of 3rd period - Minor Penalty to Anthony Beauvillier for Hooking.
17:11 of 3rd period - Claude Giroux wins face-off versus Brandon Hagel in Boston Bruins zone.
18:28 of 3rd period - Penalty to Ryan Donato is over, Ryan Donato is back on ice.
19:07 of 3rd period - Phil Kessel is hit by Charlie Coyle and loses puck.
19:10 of 3rd period - Penalty to Anthony Beauvillier is over, Anthony Beauvillier is back on ice.
19:48 of 3rd period - Tyson Barrie is hit by Mats Zuccarello and loses puck.
Goals for this period are 1 for Arizona Coyotes vs 2 for Boston Bruins.
Shots for this period are 7 for Arizona Coyotes vs 12 for Boston Bruins.
Back to the Top